 Dungeon Crawl Stone Soup version 0.27.0-1-g7a089689b8 (webtiles) character file.

Game seed: 8656781842788912385

1240 dtburroughs the Chopper (level 8, -1/99 (106) HPs)
             Began as a Minotaur Berserker on Aug 17, 2021.
             Was a Priest of Trog.
             Slain by a wight (6 damage)
             ... on level 5 of the Dungeon.
             The game lasted 00:08:04 (4393 turns).

dtburroughs the Chopper (Minotaur Berserker)        Turns: 4393, Time: 00:08:05

HP:   -1/99 (106)   AC:  8    Str: 22    XL:     8   Next: 25%
MP:   7/7           EV: 10    Int:  6    God:    Trog [***...]
Gold: 249           SH:  3    Dex: 10    Spells: 7/7 levels left

rFire    . . .     SeeInvis +   a - +0 hand axe
rCold    . . .     Faith    .   b - +0 buckler
rNeg     . . .     Spirit   .   t - +0 scale mail
rPois    .         Reflect  .   (helmet restricted)
rElec    .         Harm     .   (no cloak)
rCorr    .         Rampage  .   (no gloves)
Will     .....                  o - +0 pair of boots {Fly}
Stlth    ..........             (no amulet)
HPRegen  0.26/turn              r - ring of see invisible
MPRegen  0.10/turn              f - +4 ring of slaying

@: berserking, flying, drained, very quick
A: horns 2, retaliatory headbutt
a: Renounce Religion, Berserk, Trog's Hand


You were on level 5 of the Dungeon.
You worshipped Trog.
Trog was most pleased with you.
You visited 1 branch of the dungeon, and saw 5 of its levels.
You also visited: Sewer.

You collected 249 gold pieces.

Inventory:

Hand Weapons
 a - a +0 hand axe (weapon)
 q - a +2 flail of protection
Armour
 b - a +0 buckler (worn)
 o - a +0 pair of boots of flying (worn)
 t - a +0 scale mail (worn)
Jewellery
 e - a ring of willpower
 f - a +4 ring of slaying (right hand)
 r - a ring of see invisible (left hand)
Wands
 l - a wand of polymorph (6)
Scrolls
 d - 3 scrolls of teleportation {unknown}
 n - a scroll of summoning {unknown}
 s - a scroll of brand weapon {unknown}
Potions
 g - a potion of heal wounds
 h - a potion of might {unknown}
 i - a potion of lignification {unknown}
 j - a potion of degeneration {unknown}
 k - a potion of brilliance {unknown}
 m - 2 potions of curing
 p - a potion of mutation {unknown}


   Skills:
 + Level 6.5 Fighting
 + Level 6.7 Axes
 + Level 5.9 Armour
 + Level 5.3 Dodging
 + Level 0.3 Shields
 + Level 3.1 Evocations


You had 7 spell levels left.
You didn't know any spells.
Your spell library was empty.

Dungeon Overview and Level Annotations

Branches:
Dungeon (5/15)              Sewer (visited)
 Temple: D:4-7

Altars:
Ru
Xom

Annotations:
D:4 2 transporters, jayjay249's ghost, amateur DrCj
D:5 1 transporter


Innate Abilities, Weirdness & Mutations

You have a pair of horns on your head.
You reflexively headbutt those who attack you in melee.


Message History

The wight is heavily damaged.
The wight hits you with a +2 hand axe. The wight closely misses you.
You hit the wight but do no damage.
The wight is heavily damaged.
The wight hits you but does no damage. The wight misses you.
You hit the wight.
The wight is severely damaged.
The wight hits you with a +2 hand axe.
You feel drained. The wight hits you but does no damage.
You hit the wight.
The wight is severely damaged.
The wight hits you with a +2 hand axe! The wight hits you but does no damage.
You barely miss the wight. You headbutt the wight.
You destroy the wight!
Trog accepts your kill. The wight hits you but does no damage.
The wight barely misses you.
Things that are here:
a +2 hand axe; a +0 robe You closely miss the wight.
The wight barely misses you.
You hit the wight but do no damage. The wight hits you with a +0 spear!
* * * LOW HITPOINT WARNING * * *
You feel drained.
* * * LOW HITPOINT WARNING * * *
You hit the wight. You headbutt the wight!
The wight is severely damaged.
The wight hits you with a +0 spear!
* * * LOW HITPOINT WARNING * * *
You feel drained.
* * * LOW HITPOINT WARNING * * *
You hit the wight.
The wight is severely damaged.
The wight barely misses you. You furiously retaliate!
You headbutt the wight, but do no damage.
A red film seems to cover your vision as you go berserk!
You feel yourself moving faster!
You feel mighty! The wight barely misses you.
You barely miss the wight.
The wight is severely damaged.
The wight hits you with a +0 spear.
You die...

#...#.z. #......# .
#......# .. #......# ...
#.....## ....## #.....#
......# ###....#######
..$....##z...........####
........@................
........##....###.....###
.......####...# #.....#
#...... #...# ##....#
#.....# #...# ##...#
#.##.. ##..# #...## . ...
#..# ##...# #... #..#
#.(.# ...# ##..##


You could see a wight.

Vanquished Creatures
  Edmund (D:5)
  A water moccasin (Sewer)
  A sky beast (D:5)
  A necrophage (D:5)
  An ogre (D:4)
  2 phantoms
  Blork the orc (D:5)
  A scorpion (D:4)
  A wight (D:5)
  A centaur skeleton (D:5)
  3 hounds (D:4)
  Natasha (thrice) (D:3)
  An iguana (D:4)
  An orc wizard (D:5)
  A killer bee zombie (D:4)
  A hound skeleton (D:4)
  4 adders
  3 gnolls (D:4)
  A river rat (D:5)
  A white imp (D:3)
  2 worms
  3 dart slugs
  7 orcs
  5 ball pythons
  2 bats
  4 endoplasms
  5 giant cockroaches
  4 goblins (D:2)
  7 hobgoblins
  3 jackals
  9 kobolds
  6 quokkas
  2 frilled lizards (D:1)
  A rat (D:1)
90 creatures vanquished.

Notes
Turn   | Place    | Note
-------+----------+-------------------------------------------
     0 | D:1      | dtburroughs the Minotaur Berserker began the quest for the
                  | Orb.
     0 | D:1      | Reached XP level 1. HP: 19/19 MP: 0/0
   183 | D:1      | Reached XP level 2. HP: 23/27 MP: 1/1
  1005 | D:2      | Reached XP level 3. HP: 33/33 MP: 2/2
  1232 | D:2      | Reached ** piety under Trog
  1589 | D:3      | Found a faded altar of an unknown god.
  1635 | D:3      | Reached XP level 4. HP: 34/40 MP: 3/3
  1733 | D:3      | Noticed Natasha
  1739 | D:3      | Killed Natasha
  1781 | D:3      | Noticed Natasha
  1790 | D:3      | Killed Natasha
  2011 | D:3      | Noticed Natasha
  2018 | D:3      | Killed Natasha
  2019 | D:3      | Reached XP level 5. HP: 30/47 MP: 4/4
  2415 | D:4      | Reached skill level 5 in Axes
  2473 | D:4      | Reached skill level 5 in Fighting
  2473 | D:4      | Reached skill level 1 in Evocations
  2473 | D:4      | Reached XP level 6. HP: 46/56 MP: 5/5
  2566 | D:4      | Found a shimmering altar of Xom.
  2628 | D:4      | Found a sacrificial altar of Ru.
  2768 | D:4      | Found a transporter.
  2769 | D:4      | Noticed jayjay249's ghost (amateur DrCj)
  2786 | D:4      | Found a transporter.
  2845 | D:4      | Reached *** piety under Trog
  2846 | D:4      | Reached XP level 7. HP: 54/61 MP: 6/6
  3257 | D:5      | Entered Level 5 of the Dungeon
  3264 | D:5      | Noticed Edmund
  3277 | D:5      | Killed Edmund
  3278 | D:5      | Reached skill level 5 in Armour
  3652 | D:5      | Noticed Blork the orc
  3660 | D:5      | Killed Blork the orc
  3661 | D:5      | Reached skill level 5 in Dodging
  3675 | D:5      | Reached XP level 8. HP: 46/70 MP: 7/7
  3870 | D:5      | Found a transporter.
  3960 | D:5      | Found a glowing drain.
  3964 | Sewer    | Entered a sewer
  4390 | D:5      | HP: 2/66 [wight (3)]
  4393 | D:5      | Slain by a wight

Illustrated notes

Levels and vault maps discovered:
D:1:      co_arrival_square_in_a_square_in_a_square, layout_basic,
          wad_floor_pattern_untrapped, minmay_pentomino_z2
D:2:      minmay_razor_zed, layout_rooms
D:3:      layout_rooms, basic_ecumenical_altar, columned_hall_lemuel,
          uniq_natasha
D:4:      layout_cave_pools, lemuel_tele_altar, mainiacjoe_overflow_boulevard,
          gammafunk_ghost_smash, sigmund_army
D:5:      gammafunk_wand_slinger, layout_layer_cave, gup_sewer_entry_spiral,
          uniq_blork_the_orc, uniq_pikel, uniq_edmund, uniq_duvessa

Skill      XL: |  1  2  3  4  5  6  7  8 |
---------------+-------------------------+-----
Axes           | 4 5 6 |  6.7
Fighting       | 4 5 6 |  6.5
Armour         | 3 4 5 |  5.9
Dodging        | 3 4 5 |  5.3
Evocations     | 1 2 3 |  3.1
Shields        | |  0.3

Action                   |  1- 3 |  4- 6 |  7- 9 || total
-------------------------+-------+-------+-------++-------
Melee: Hand axe          |    65 |    69 |   100 ||   234
       Headbutt          |     4 |    13 |    16 ||    33
Invok: Berserk           |       |       |     2 ||     2
       Trog's Hand       |       |       |     1 ||     1
Armor: Animal skin       |     6 |       |       ||     6
       Ring mail         |    17 |    19 |    25 ||    61
       Scale mail        |       |       |    13 ||    13
Dodge: Dodged            |    35 |    34 |    50 ||   119
Block: Buckler           |       |       |     1 ||     1
